 Dungeon Crawl Stone Soup version 0.27-a0-1181-g5f64966fcc (webtiles) character file.

Game seed: 14831586864881772849

7361 daftaero the Fighter (level 10, -8/96 HPs)
             Began as a Minotaur Berserker on May 17, 2021.
             Was an Elder of Trog.
             Asphyxiated
             ... on level 10 of the Dungeon.
             The game lasted 00:23:57 (11444 turns).

daftaero the Fighter (Minotaur Berserker)          Turns: 11444, Time: 00:23:58

Health: -8/96      AC:  0    Str: 24    XL:     10   Next: 91%
Magic:  9/9        EV: 14    Int:  4    God:    Trog [****..]
Gold:   579        SH:  0    Dex: 11    Spells: 9/9 levels left

rFire    . . .     SeeInvis .   (weapon currently unavailable)
rCold    . . .     Faith    .   (shield currently unavailable)
rNeg     . . .     Spirit   .   (armour currently unavailable)
rPois    .         Reflect  .   (helmet currently unavailable)
rElec    .         Harm     .   (cloak currently unavailable)
rCorr    .         Rampage  .   (gloves currently unavailable)
Will     .....                  (boots currently unavailable)
Stlth    +.........             (no amulet)
HPRegen  0.26/turn              (ring currently unavailable)
MPRegen  0.11/turn              (ring currently unavailable)

@: lethally poisoned (-8 -> -23), pig-form, on berserk cooldown, slowed
A: fast, no casting, small, (horns 2), (retaliatory headbutt)
a: Renounce Religion, Berserk, Trog's Hand, Brothers in Arms


You were on level 10 of the Dungeon.
You worshipped Trog.
Trog was greatly pleased with you.
You were a filthy swine.
You visited 2 branches of the dungeon, and saw 11 of its levels.
You also visited: Sewer and Ossuary.

You collected 579 gold pieces.

Inventory:

Hand Weapons
 q - a +0 hunting sling
 H - a +3 flail of draining (melded)
 J - a +2 flail of holy wrath
 N - a +0 dire flail
Missiles
 c - a throwing net
 i - 40 poisoned darts (quivered)
 j - 45 sling bullets
 C - 7 curare-tipped darts
Armour
 a - a +0 buckler of reflection (melded)
 o - a +0 pair of gloves (melded)
 w - a +0 chain mail (melded)
Jewellery
 s - an amulet of regeneration
Wands
 l - a wand of iceblast (3)
 n - a wand of polymorph (5)
 y - a wand of flame (45)
 L - a wand of digging (7)
 M - a wand of acid (9)
Scrolls
 d - 8 scrolls of identify
 e - a scroll of silence
 f - 2 scrolls of teleportation
 g - 3 scrolls of fear
 r - a scroll of enchant armour
 t - 3 scrolls of enchant weapon
 v - 3 scrolls of immolation
Potions
 b - 3 potions of resistance
 h - 4 potions of heal wounds
 k - a potion of ambrosia
 m - a potion of degeneration {unknown}
 p - 2 potions of flight
 u - 7 potions of curing
 x - a potion of brilliance {unknown}
 A - 2 potions of cancellation {unknown}
 B - a potion of berserk rage {unknown}
 D - a potion of magic {unknown}
 F - 2 potions of haste {unknown}


   Skills:
 + Level 11.2 Fighting
 + Level 11.2 Maces & Flails
 + Level 8.0 Slings
 + Level 9.2 Armour
 - Level 2.1 Dodging
 - Level 4.0 Shields


You had 9 spell levels left.
You didn't know any spells.
Your spell library was empty.

Dungeon Overview and Level Annotations

Branches:
Dungeon (10/15)            Temple (1/1) D:6           Sewer (visited)
Ossuary (visited)
   Lair: D:8-11         Orc: D:9-12

Altars:
Ashenzari
Cheibriados
Elyvilon
Fedhas
Gozag
Kikubaaqudgha
Makhleb
Nemelex Xobeh
Okawaru
Qazlal
Ru
Sif Muna
Trog
Uskayaw
Vehumet
Wu Jian
Xom
Yredelemnul
The Shining One

Shops:
D:2 !

Annotations:
D:10 Sonja


Innate Abilities, Weirdness & Mutations

You are a filthy swine.
You move quickly.
Your equipment is almost entirely melded.
You are incapable of wielding weapons or throwing items.
You cannot cast spells.
((You have a pair of horns on your head.))
((You reflexively headbutt those who attack you in melee.))


Message History

You feel very sick.
Sonja throws a curare-tipped dart.
The curare-tipped dart misses you.
You feel sick.
Sonja zaps a wand.
You easily resist.
You feel sick.
Sonja zaps a wand.
You turn into a filthy swine.
Your +3 flail of draining melds into your body.
Your +0 pair of gloves melds into your body.
Your +0 buckler of reflection melds into your body.
Your +0 chain mail melds into your body.
Sonja mumbles some strange words.
Sonja blinks!
You feel sick.
You feel sick.
You are no longer poisoned.
Sonja gestures wildly while chanting.
Sonja blinks!
Sonja hits you with a +2 dagger of distortion.
Space bends around you. Sonja barely misses you.
Sonja hits you with a +2 dagger of distortion.
Space bends around you.
Sonja hits you with a +2 dagger of distortion!
* * * LOW HITPOINT WARNING * * *
Space warps horribly around you!
* * * LOW HITPOINT WARNING * * *
Sonja hits you with a +2 dagger of distortion.
* * * LOW HITPOINT WARNING * * *
You blink.
Sonja hits you with a +2 dagger of distortion!
* * * LOW HITPOINT WARNING * * *
Space bends around you.
* * * LOW HITPOINT WARNING * * *
Sonja closely misses you. Sonja misses you.
Sonja zaps a wand.
You easily resist.
Sonja casts a spell.
Sonja blinks!
Sonja throws a curare-tipped dart.
The curare-tipped dart barely misses you.
Sonja shouts, "Some dancing partner you are!"
Sonja throws a curare-tipped dart.
The curare-tipped dart hits you.
You are lethally poisoned!
You have difficulty breathing.
You die...

#.##.#........
##....#.........#
#...............#
#..............#
#..............#
#......#####K#.#
#...[..#####.#.#
####+####<.......#####..
................h.....#
............ยง...#######
................#
................#
.....#####......# .....#
........+ ####.#
##.......# #.# #.##.####
... #. ...


You could see Sonja.

Vanquished Creatures
  A two-headed ogre (D:9)
  A manticore (D:7)
  8 centaur zombies
  Maurice (D:9)
  A troll (D:9)
  Grinder (D:3)
  Prince Ribbit (D:6)
  2 wyverns (D:8)
  Eustachio (D:4)
  A steam dragon (D:9)
  2 water moccasins
  Duvessa (D:5)
  2 orc warriors
  3 black bears
  A sky beast (D:7)
  3 ogres (D:5)
  A centaur (D:6)
  A phantom (D:7)
  3 kobold brigands
  3 elf zombies (Ossuary)
  4 bullfrogs
  A scorpion (D:4)
  2 gnoll sergeants (D:9)
  Dowan (D:5)
  A wyvern skeleton (D:6)
  18 killer bees
  4 wights
  A howler monkey (D:8)
  6 orc priests
  A bullfrog zombie (D:6)
  2 hounds (D:4)
  4 human zombies (Ossuary)
  A bullfrog skeleton (D:7)
  3 centaur skeletons
  Jessica (D:3)
  An iguana (D:4)
  Ijyb (D:3)
  4 orc wizards
  A hound zombie (D:5)
  A hound skeleton (D:5)
  3 mummies (Ossuary)
  15 gnolls
  5 adders
  2 howler monkey skeletons
  5 river rats (Sewer)
  A shadow imp (D:7)
  An adder skeleton (D:4)
  3 worms
  5 dart slugs
  17 orcs
  9 ball pythons
  3 bats
  5 endoplasms
  6 giant cockroaches
  7 goblins
  2 hobgoblins
  6 jackals
  2 quokkas
  A frilled lizard (D:2)
  19 kobolds
  7 rats
220 creatures vanquished.

Notes
Turn   | Place    | Note
-------+----------+-------------------------------------------
     0 | D:1      | daftaero the Minotaur Berserker began the quest for the
                  | Orb.
     0 | D:1      | Reached XP level 1. HP: 19/19 MP: 0/0
   125 | D:1      | Found a faded altar of an unknown god.
   311 | D:1      | Reached XP level 2. HP: 22/27 MP: 1/1
   670 | D:1      | Reached XP level 3. HP: 33/34 MP: 2/2
  1050 | D:2      | Reached ** piety under Trog
  1305 | D:2      | Found Xouziskyo's Distillery.
  1319 | D:2      | Found a snail-covered altar of Cheibriados.
  1448 | D:2      | Reached XP level 4. HP: 35/41 MP: 3/3
  1610 | D:2      | Reached skill level 5 in Maces & Flails
  1751 | D:3      | Noticed Ijyb
  1759 | D:3      | Killed Ijyb
  1760 | D:3      | Reached skill level 5 in Fighting
  1860 | D:3      | Noticed Jessica
  1886 | D:3      | Killed Jessica
  1993 | D:3      | Found a glowing drain.
  2021 | D:3      | Reached XP level 5. HP: 43/48 MP: 4/4
  2056 | Sewer    | Entered a sewer
  2224 | Sewer    | Reached *** piety under Trog
  2240 | Sewer    | Reached XP level 6. HP: 26/57 MP: 5/5
  2496 | Sewer    | Found a white marble altar of Elyvilon.
  2651 | D:3      | Noticed Grinder
  2660 | D:3      | Killed Grinder
  3175 | D:4      | Noticed Eustachio
  3250 | D:4      | Reached XP level 7. HP: 61/66 MP: 6/6
  3270 | D:4      | Killed Eustachio
  3271 | D:4      | Reached skill level 1 in Slings
  3584 | D:4      | Found a hide-covered altar of Uskayaw.
  3584 | D:4      | Noticed a +0 falchion
  3584 | D:4      | Noticed a +0 dagger
  3584 | D:4      | Noticed a +0 short sword
  3586 | D:4      | Noticed a +0 spear
  3587 | D:4      | Noticed a +0 short sword
  3587 | D:4      | Noticed a +0 dagger
  3588 | D:4      | Noticed a +0 falchion
  3588 | D:4      | Noticed a +0 spear
  3869 | D:5      | Entered Level 5 of the Dungeon
  4168 | D:5      | Reached XP level 8. HP: 60/74 MP: 7/7
  4464 | D:5      | Found a snail-covered altar of Cheibriados.
  4482 | D:5      | Found a sacrificial altar of Ru.
  4482 | D:5      | Found a shimmering altar of Xom.
  4521 | D:5      | Reached skill level 5 in Armour
  4913 | D:5      | Noticed Duvessa
  4913 | D:5      | Noticed Dowan
  4919 | D:5      | Killed Dowan
  4927 | D:5      | Killed Duvessa
  5423 | D:6      | Noticed Prince Ribbit
  5434 | D:6      | Killed Prince Ribbit
  5435 | D:6      | Reached skill level 1 in Shields
  5435 | D:6      | Reached XP level 9. HP: 49/83 MP: 8/8
  6026 | D:6      | Reached **** piety under Trog
  6085 | D:6      | Found a staircase to the Ecumenical Temple.
  6159 | Temple   | Entered the Ecumenical Temple
  6403 | D:7      | Reached skill level 5 in Slings
  6831 | D:7      | Found a sand-covered staircase.
  6841 | Ossuary  | Entered an ossuary
  7707 | D:7      | Noticed a manticore
  7718 | D:7      | Killed a manticore
  7719 | D:7      | Reached skill level 10 in Fighting
  7719 | D:7      | Reached skill level 10 in Maces & Flails
  8041 | D:7      | Reached XP level 10. HP: 93/93 MP: 9/9
  8651 | D:8      | Found a bloodstained altar of Trog.
 10117 | D:9      | Noticed a two-headed ogre
 10130 | D:9      | Killed a two-headed ogre
 10514 | D:8      | Identified a scroll of acquirement
 10514 | D:8      | Acquired a +0 buckler of reflection
 10688 | D:9      | Noticed Maurice
 10699 | D:9      | Killed Maurice
 10907 | D:9      | Reached ***** piety under Trog
 11127 | D:9      | Found a sparkling altar of Nemelex Xobeh.
 11417 | D:10     | Entered Level 10 of the Dungeon
 11422 | D:10     | Noticed Sonja
 11441 | D:10     | HP: 2/96 [Sonja/+2 dagger of distortion (9)]
 11444 | D:10     | Asphyxiated

Illustrated notes

Levels and vault maps discovered:
D:1:      psy_arrival_radial02, layout_basic,
          hellmonk_ecumenical_altar_heavens_door
D:2:      layout_loops_cross, basic_altar, serial_shops, shop_fountains
D:3:      layout_rooms, portal_sewer_entry_c, dk_noncrumbling_4, uniq_jessica,
          uniq_grinder, uniq_ijyb
D:4:      layout_rooms, nicolae_uskayaw_en_pointe, kennysheep_generic_room_7,
          uniq_eustachio
D:5:      layout_basic, kennysheep_slug_shrine,
          gammafunk_temple_overflow_statue, uniq_duvessa
D:6:      layout_basic, minmay_temple_entry_glass, minmay_misc_feat_iff,
          minmay_misc_feat_x, uniq_prince_ribbit1
D:7:      minmay_razor_zed, layout_basic, serial_curves, eino_curves_03,
          eino_curves_03, eino_curves_04, eino_curves_04,
          nicolae_ossuary_entry_plus
D:8:      layout_gridville, trog_ov_bears_minmay
D:9:      layout_rooms, general_overflow_altar, uniq_maurice
D:10:     layout_basic, gammafunk_temple_overflow_claw, serial_shops,
          nicolae_shop_statue_plus, uniq_sonja, uniq_harold
Temple:   cyrus_circular_temple

Skill      XL: |  1  2  3  4  5  6  7  8  9 10 |
---------------+-------------------------------+-----
Fighting       | 4 5 6 7 8 9 10 11 | 11.2
Maces & Flails | 4 5 6 7 8 9 10 11 | 11.2
Slings         | 3 4 6 8 |  8.0
Armour         | 4 5 7 9 |  9.2
Shields        | 1 4 |  4.0
Dodging        | |  2.1

Action                   |  1- 3 |  4- 6 |  7- 9 | 10-12 || total
-------------------------+-------+-------+-------+-------++-------
Melee: Mace              |    56 |    85 |       |       ||   141
       Headbutt          |    10 |    14 |    70 |    31 ||   125
       Whip              |       |    23 |   208 |       ||   231
       Unarmed           |       |     6 |       |       ||     6
       Flail             |       |       |   141 |   171 ||   312
Throw: Dart              |       |    14 |    14 |    17 ||    45
Invok: Berserk           |       |     5 |     3 |     5 ||    13
  Use: Potion            |       |     5 |     1 |       ||     6
       Scroll            |       |       |       |    14 ||    14
 Stab: Sleeping          |     2 |       |       |       ||     2
Armor: Animal skin       |    10 |     2 |       |       ||    12
       Leather armour    |       |    38 |    25 |       ||    63
       Chain mail        |       |       |   138 |   118 ||   256
Dodge: Dodged            |    36 |    81 |   111 |   109 ||   337
Block: Buckler           |       |       |    28 |    50 ||    78
       Reflection        |       |       |       |     2 ||     2

Table legend: (Time is in decaauts)
 A = Elapsed time spent in this place.
 B = Non-inter-level travel time spent in this place.
 C = Inter-level travel time spent in this place.
 D = Time resting spent in this place.
 E = Time spent auto-exploring this place.
 F = Levels seen in this place.
 G = Mean time per level.
                   A        B        C        D        E       F      G
               +--------+--------+--------+--------+--------+-----+--------+
         Total |  11498 |  11162 |    336 |   2226 |   6619 |  13 |  884.5 |
       Dungeon |  10543 |  10219 |    324 |   1903 |   6401 |  10 | 1054.3 |
        Temple |     55 |     44 |     11 |      0 |     44 |   1 |   55.0 |
         Sewer |    626 |    626 |      0 |    322 |    105 |   1 |  626.0 |
       Ossuary |    272 |    272 |      0 |      0 |     69 |   1 |  272.0 |
               +--------+--------+--------+--------+--------+-----+--------+

Top non-repeatable levels by time:
     D:8: 1880 daAuts
     D:7: 1793 daAuts
     D:5: 1249 daAuts
     D:9: 1242 daAuts
     D:6: 1040 daAuts
     D:1: 977 daAuts
     D:4: 807 daAuts
     D:2: 785 daAuts
     D:3: 739 daAuts
   Sewer: 626 daAuts
 Ossuary: 272 daAuts
  Temple: 55 daAuts
    D:10: 27 daAuts
